Map: Moonlight Madness LE (Void)

Players

Marmot

  • Race: Zerg Zerg
  • League: Gold

Slo - Winner!

  • Race: Terran Terran
  • League: Silver

VOD

Have the link to the VOD?

Description

Time

  • Played on: Oct. 17, 2015, 3:16 p.m.
  • Length: 3:11
Show
View Real Time Build Order
Export as new Build Order

Marmot Zerg 

Build Orders: Hatch First 

Get SALT Encoding   

  12  0:01  Drone  
  13  0:11  Drone  
  14  0:14  Extractor  
  14  0:15  Drone  
  15  0:40  Hatchery  
  14  0:48  Extractor  
  14  0:49  Drone  
  14  0:50  Drone, Extractor  
  15  1:07  Spawning Pool  
  14  1:16  Drone, Extractor  
  14  1:18  Overlord  
  15  1:37  Drone x2  
  15  1:39  Drone  
  18  1:55  Queen x2  
  22  2:06  Drone  
  23  2:09  Drone  
  24  2:16  Overlord  
  24  2:21  Drone  
  24  2:22  Drone  
  26  2:26  Drone  
  26  2:28  Drone  
  28  2:34  Drone  
  28  2:35  Drone  
  30  2:37  Drone  
Show
View Real Time Build Order
Export as new Build Order

Slo Terran - Winner!

Build Orders:  

Get SALT Encoding   

  12  0:01  SCV  
  13  0:13  SCV  
  14  0:23  Supply Depot  
  14  0:25  SCV  
  15  0:45  SCV  
  16  0:50  Refinery  
  16  0:56  Barracks  
  16  0:58  Barracks  
  16  1:03  SCV  
  17  1:15  SCV  
  18  1:28  SCV  
  18  1:30  Refinery  
  19  1:41  SCV  
  19  1:46  Reaper  
  21  1:57  Command Center  
  21  2:01  Reaper  
  22  2:12  Supply Depot  
  22  2:17  SCV  
  23  2:34  Reaper x2  
  25  2:40  Orbital Command  
  25  3:11  Barracks Reactor  
Tags
 
Add a new tag
Caveats
  • Supply blocks, unpowered buildings, or Contaminate may cause inaccurate times.
  • Supply counts are checked every 10 seconds.